 Dungeon Crawl Stone Soup version 0.31-a0-1610-g9787180647 (webtiles) character file.

Game seed: 13841501675884933430

11043 Flugslaktarn the Toxicologist (level 11, -16/72 HPs)
             Began as an Octopode Alchemist on Jan 8, 2024.
             Was a Follower of Sif Muna.
             Demolished by a boulder beetle (18 damage)
             ... on level 11 of the Dungeon.
             The game lasted 00:19:18 (6000 turns).

Flugslaktarn the Toxicologist (Octopode Alchemist)  Turns: 6000, Time: 00:19:19

Health: -16/72     AC:  8    Str:  7      XL:     11   Next: 71%
Magic:  21/34      EV: 17    Int: 22      God:    Sif Muna [*.....]
Gold:   292        SH:  0    Dex: 19 (22) Spells: 16/30 levels left

rFire   + + .        y - +1 short sword (protect)
rCold   . . .        (no shield)
rNeg    . . .        (helmet restricted)
rPois   .            C - amulet of faith
rElec   .            f - ring of protection from fire
rCorr   .            l - +6 ring of dexterity
SInv    .            c - ring of protection from cold
Will    .....        I - ring of magical power
Stlth   +++          J - ring of Rugo {Fire Dex+3}
HPRegen 0.32/turn    (no ring)
MPRegen 0.24/turn    (no ring)
                     (no ring)

%: random rage (3%), faith
@: under a protective aura, on berserk cooldown, slowed, unable to read, very
slow
A: almost no armour, amphibious, 8 rings, camouflage 1, gelatinous body 1,
(nimble swimmer 1), tentacles, berserk 1, [deterioration 2], [inability to read
after injury 1]
a: Renounce Religion, Channel Magic


You were on level 11 of the Dungeon.
You worshipped Sif Muna.
Sif Muna was aware of your devotion.
You visited 3 branches of the dungeon, and saw 14 of its levels.
You also visited: Sewer and Gauntlet.

You collected 552 gold pieces.
You spent 260 gold pieces at shops.

Inventory:

Hand Weapons
 e - a +1 whip of draining
   (You took it off a kobold on level 2 of the Dungeon)
 g - a +0 rapier
   (You found it on level 2 of the Dungeon)
 y - a +1 short sword of protection (weapon)
   (You took it off a kobold on level 5 of the Dungeon)
Missiles
 z - a throwing net
Magical Staves
 H - a staff of death
   (You found it on level 1 of the Dungeon)
Jewellery
 c - a ring of protection from cold (on tentacle)
   (You found it on level 11 of the Dungeon)
 f - a ring of protection from fire (left tentacle)
   (You found it on level 4 of the Dungeon)
 j - an amulet of the acrobat
   (You found it on level 3 of the Dungeon)
 l - a +6 ring of dexterity (right tentacle)
   (You found it on level 6 of the Dungeon)
 v - a ring of ice
   (You found it on level 6 of the Dungeon)
 B - a ring of ice
   (You found it on level 9 of the Dungeon)
 C - an amulet of faith (around mantle)
   (You found it on level 9 of the Dungeon)
 I - a ring of magical power (on tentacle)
   (You bought it in a shop on level 11 of the Dungeon)
 J - the ring of Rugo (on tentacle) {Fire Dex+3}
   (You found it in a Gauntlet)

   [ring of fire]

   Fire:      It enhances your fire magic.
   Dex+3:     It affects your dexterity (+3).
   rF+:       It protects you from fire.
   rC-:       It makes you vulnerable to cold.
Talismans
 b - a talisman of death
   (You found it on level 1 of the Dungeon)
Wands
 k - a wand of mindburst (19)
   (You found it on level 6 of the Dungeon)
 o - a wand of flame (47)
   (You found it on level 5 of the Dungeon)
 u - a wand of roots (8)
   (You found it on level 6 of the Dungeon)
 D - a wand of acid (4)
   (You took it off a centaur on level 9 of the Dungeon)
Scrolls
 h - 2 scrolls of fog
 i - 3 scrolls of immolation
 m - a scroll of blinking {unknown}
 t - a scroll of teleportation
 x - 2 scrolls of enchant armour
 E - a scroll of poison
 F - a scroll of revelation
Potions
 a - a potion of magic
 d - 6 potions of enlightenment
 n - a potion of invisibility
 p - a potion of brilliance {unknown}
 q - 3 potions of curing
 r - 2 potions of resistance {unknown}
 s - 2 potions of mutation
 w - a potion of heal wounds
 A - 2 potions of might {unknown}
 G - a potion of attraction {unknown}


   Skills:
 + Level 5.4 Fighting
 + Level 6.1 Dodging
 - Level 2.6 Stealth
 - Level 10.0 Spellcasting
 - Level 6.0 Conjurations
 + Level 4.9 Fire Magic
 - Level 10.0 Alchemy
 - Level 4.0 Invocations
 - Level 3.0 Evocations


You had 16 spell levels left.
You knew the following spells:

 Your Spells              Type           Power      Damage    Failure   Level
a - Sting                 Conj/Alch      100%       1d9       1%          1
b - Olgreb's Toxic Radia  Alch           53%        N/A       1%          4
c - Sticky Flame          Fire/Alch      60%        2d10      2%          4
i - Irradiate             Conj/Alch      23%        3d19      6%          5

Your spell library contained the following spells:

 Spells                   Type           Power      Damage    Failure   Level
 Magic Dart               Conj           100%       1d8       1%          1
 Mercury Vapours          Alch/Air       66%        N/A       1%          2
 Searing Ray              Conj           74%        2d7       1%          2
 Mephitic Cloud           Conj/Alch/Air  34%        N/A       1%          3
 Fulminant Prism          Conj/Alch      23%        3d12      2%          4
 Alistair's Intoxication  Alch           35%        N/A       2%          5
 Apportation              Tloc           22%        N/A       6%          1
 Necrotise                Necr           44%        1d6       6%          1
 Summon Small Mammal      Summ           44%        N/A       6%          1
 Inner Flame              Hex/Fire       32%        N/A       7%          3
 Blink                    Tloc           22%        N/A       9%          2
 Call Imp                 Summ           22%        N/A       9%          2
 Ensorcelled Hibernation  Hex/Ice        22%        N/A       9%          2
 Jinxbite                 Hex            22%        N/A       9%          2
 Passwall                 Erth           11%        N/A       19%         3
 Swiftness                Air            11%        N/A       19%         3
 Vampiric Draining        Necr           11%        2d6       19%         3
 Martyr's Knell           Necr/Summ      11%        N/A       52%         4
 Curse of Agony           Necr           11%        N/A       86%         5
 Ignition                 Fire           24%        3d8       100%        8


Dungeon Overview and Level Annotations

Branches:
Dungeon (12/15)            Temple (1/1) D:5            Lair (0/5) D:9
    Orc (1/2) D:10          Sewer (visited)         Gauntlet (visited)

Altars:
Ashenzari
Cheibriados
Dithmenos
Elyvilon
Fedhas
Gozag
Hepliaklqana
Kikubaaqudgha
Makhleb
Nemelex Xobeh
Okawaru
Qazlal
Ru
Sif Muna
Trog
Uskayaw
Vehumet
Wu Jian
Xom
Yredelemnul
Zin
The Shining One

Shops:
D:8 =*   D:10 !   D:11 =

Portals:
Trove: D:11 (give 7 scrolls of fog)

Annotations:
D:3 exclusion: statue
D:10 3 runed translucent doors
Temple 4 transporters


Innate Abilities, Weirdness & Mutations

You cannot wear most types of armour.
You are amphibious.
You can wear up to eight rings at the same time.
Your skin changes colour to match your surroundings (Stealth+).
Your rubbery body absorbs attacks. (AC +1, EV +1)
((You are camouflaged when in or above water. (Stealth+)))
You have tentacles for arms and can constrict up to eight enemies at once.
You sometimes lose your temper in combat.
[Your body often deteriorates upon taking damage.]
[You occasionally lose the ability to read scrolls when taking damage.]


Message History

There is an open door here.
Found a stone staircase leading up.
You open the door.
An orc warrior and 2 orc wizards come into view.
You hit the orc warrior but do no damage.
Your weapon exudes an aura of protection.
You grab the orc warrior.
You constrict the orc warrior, but do no damage.
The orc wizard shouts!
The orc wizard mumbles some strange words.
The orc wizard flickers and vanishes!
Deactivating autopickup; reactivate with Ctrl-A.
The orc warrior struggles to escape constriction.
Casting: Irradiate (dangerous; 6% risk of failure)
Confirm with . or Enter, or press ? or * to list all spells.
You begin to radiate toxic energy.
The orc warrior is poisoned.
The orc wizard is poisoned.
You constrict the orc warrior, but do no damage.
The orc warrior struggles to escape constriction.
Casting: Olgreb's Toxic Radiance (dangerous; 1% risk of failure)
Confirm with . or Enter, or press ? or * to list all spells.
Your toxic radiance grows in intensity.
You constrict the orc warrior.
The orc wizard gestures wildly while chanting.
The orc wizard flickers and vanishes!
The orc warrior escapes!
You hit the orc warrior.
Your weapon exudes an aura of protection.
Your grab misses the orc warrior. You squeeze the orc warrior.
The orc warrior is heavily wounded.
The orc warrior looks even sicker.
Sif Muna accepts your kill.
Reactivating autopickup.
You feel a bit more experienced.
The orc warrior hits you with a +0 battleaxe!
You hit the orc warrior. Your grab misses the orc warrior.
You squeeze the orc warrior, but do no damage.
The orc warrior is almost dead.
The orc warrior hits you with a +0 battleaxe.
A red film seems to cover your vision as you go berserk!
You feel yourself moving faster!
You feel mighty!
You closely miss the orc warrior. You grab the orc warrior.
The orc warrior is almost dead.
You kill the orc warrior!
Sif Muna accepts your kill. Something hits you but does no damage.
Deactivating autopickup; reactivate with Ctrl-A.
No target in view!
You puncture something! Sif Muna accepts your kill.
Reactivating autopickup.
You feel a bit more experienced.
There is an open door here.
Things that are here:
a +0 dagger; a +0 robe; an orc corpse You feel a strong urge to attack something.
Your toxic aura wanes.
The door flies open with a bang!
You feel your anger nearly subside.
You are no longer berserk.
You are exhausted.
You feel yourself slow down.
There is an open door here.
You open the door.
There is an open door here.
Found a portal to a secret trove of treasure.
Found a stone staircase leading up.
A boulder beetle comes into view.
Found a book of Flames.
Casting: Olgreb's Toxic Radiance (dangerous; 1% risk of failure)
Confirm with . or Enter, or press ? or * to list all spells.
You begin to radiate toxic energy.
The boulder beetle is poisoned.
The boulder beetle looks even sicker.
The boulder beetle curls into a ball and begins rolling!
Casting: Olgreb's Toxic Radiance (dangerous; 1% risk of failure)
Confirm with . or Enter, or press ? or * to list all spells.
Your toxic radiance grows in intensity.
The boulder beetle looks even sicker.
The boulder beetle looks as sick as possible!
The boulder beetle looks as sick as possible!
The boulder beetle hits you!!!
Ouch! That really hurt!
* * * LOW HITPOINT WARNING * * *
You feel threatened and lose the ability to read scrolls!
The boulder beetle stops rolling and uncurls.
Casting: Olgreb's Toxic Radiance (dangerous; 1% risk of failure)
Confirm with . or Enter, or press ? or * to list all spells.
Aiming: Sticky Flame (dangerous; 2% risk of failure)
Press: ? - help, Shift-Dir - straight line, f - boulder beetle
Aim: a boulder beetle (heavily wounded, extremely poisoned)
You feel a surge of power!
The sticky flame hits the boulder beetle!
The boulder beetle is heavily wounded.
The boulder beetle looks as sick as possible!
Your toxic aura wanes.
The boulder beetle burns! x2; The boulder beetle bites you.
* * * LOW HITPOINT WARNING * * *
The boulder beetle bites you!
* * * LOW HITPOINT WARNING * * *
You hit the boulder beetle but do no damage.
Your weapon exudes an aura of protection.
The boulder beetle is almost dead.
The boulder beetle burns!
The boulder beetle bites you!!
You die...

.# ######... .....
.###.......#######....#
...#.......#.....#....#
...#...<...#.....#....#
...#.......#.....#°...#
...+.......#.....+....#
...#.......#.....#....#
.###....)..#'####B....#
.#....##)###..#.@.8.###
.'....#.).#...#..8.8....+
.#....#...'...#.8.∩.8...#
.#....#########..8.8..###
###...# ....8..## #####
.....<#... '#
.......#.... .#
#.....:.#.... .. #.


You could see a boulder beetle (burning, extremely poisoned).

Vanquished Creatures
  3 death yaks (D:9)
  A wretched star (Gauntlet)
  Pikel (D:4)
  A deep elf pyromancer (D:12)
  An ugly thing (D:11)
  2 cyclopes (D:11)
  A gargoyle (D:9)
  An unseen horror (D:12)
  A troll (D:11)
  A hornet (D:9)
  A neqoxec (Gauntlet)
  3 steam dragons
  3 wyverns
  11 yaks
  A warg (D:10)
  An acid dragon (D:8)
  A water moccasin (D:6)
  Duvessa (D:7)
  3 orc warriors
  2 black bears
  An ogre (D:4)
  2 crocodiles (Sewer)
  3 centaurs
  2 lemures (D:4)
  A phantom (D:5)
  3 kobold brigands
  3 bullfrogs
  A gnoll sergeant (D:8)
  A scorpion (D:5)
  Dowan (D:7)
  4 killer bees (D:8)
  7 howler monkeys
  A bombardier beetle (D:6)
  A jelly (D:5)
  3 hounds
  An orc priest (D:5)
  2 iguanas
  2 gnoll boudas
  4 orc wizards
  A sickly merfolk siren (Sewer)
  A malarious merfolk avatar (Sewer)
  15 gnolls
  7 adders
  2 river rats
  6 ufetubi
  2 dart slugs
  A ribbon worm (D:4)
  18 orcs
  8 bats
  3 endoplasms
  2 giant cockroaches
  3 goblins
  3 hobgoblins
  20 kobolds
  6 quokkas
  5 ball pythons
  6 frilled lizards
  24 rats
216 creatures vanquished.

Notes
Turn   | Place    | Note
-------+----------+-------------------------------------------
     0 | D:1      | Flugslaktarn the Octopode Alchemist began the quest for the
                  | Orb.
     0 | D:1      | Reached XP level 1. HP: 11/11 MP: 3/3
   171 | D:1      | Reached XP level 2. HP: 15/17 MP: 0/5
   392 | D:3      | Reached XP level 3. HP: 21/21 MP: 2/6
   620 | D:3      | Noticed a bullfrog
   645 | D:3      | Killed a bullfrog
   646 | D:3      | Reached skill level 5 in Alchemy
   646 | D:3      | Reached XP level 4. HP: 8/27 MP: 3/8
   705 | D:3      | Reached XP level 5. HP: 24/31 MP: 7/9
   817 | D:3      | Noticed a charred statue
   817 | D:3      | Found a radiant altar of Vehumet.
   877 | D:3      | Found a glowing drain.
   896 | Sewer    | Entered a sewer
   913 | Sewer    | Noticed a crocodile
   945 | Sewer    | Killed a crocodile
  1037 | Sewer    | Learned a level 4 spell: Olgreb's Toxic Radiance
  1042 | Sewer    | Learned a level 4 spell: Sticky Flame
  1081 | Sewer    | Reached XP level 6. HP: 19/36 MP: 3/11
  1684 | D:4      | Reached XP level 7. HP: 41/41 MP: 7/13
  1791 | D:4      | Learned a level 5 spell: Irradiate
  1890 | D:4      | Noticed Pikel
  1931 | D:4      | Killed Pikel
  1932 | D:4      | Reached skill level 5 in Spellcasting
  1932 | D:4      | Reached XP level 8. HP: 32/46 MP: 0/15
  2254 | D:5      | Entered Level 5 of the Dungeon
  2296 | D:5      | Noticed a wyvern
  2429 | D:5      | Reached skill level 1 in Fire Magic
  2438 | D:5      | Found a staircase to the Ecumenical Temple.
  2442 | Temple   | Found a transporter.
  2442 | Temple   | Found a transporter.
  2442 | Temple   | Found a transporter.
  2442 | Temple   | Found a transporter.
  2442 | Temple   | Entered the Ecumenical Temple
  2727 | D:6      | Reached skill level 1 in Fighting
  2758 | D:6      | Reached XP level 9. HP: 49/54 MP: 11/16
  2787 | D:6      | Reached skill level 5 in Conjurations
  3146 | D:7      | Found a glowing silver altar of Zin.
  3214 | D:7      | Noticed Dowan
  3330 | D:7      | Noticed Duvessa
  3343 | D:7      | Killed Duvessa
  3347 | D:7      | Killed Dowan
  3509 | D:8      | Found Hytef Lom's Assorted Antiques.
  3591 | D:8      | Found a white marble altar of Elyvilon.
  3602 | D:8      | Found a shimmering blue altar of Sif Muna.
  3605 | D:8      | Became a worshipper of Sif Muna the Loreminder
  3622 | D:8      | Found Ronty's Jewellery Shop.
  3834 | D:9      | Noticed a gargoyle
  3841 | D:9      | Killed a gargoyle
  3842 | D:9      | Reached skill level 10 in Alchemy
  3842 | D:9      | Reached XP level 10. HP: 13/60 MP: 11/21
  4094 | D:9      | Noticed a death yak
  4123 | D:9      | Killed a death yak
  4162 | D:9      | Found a hazy altar of Hepliaklqana.
  4208 | D:9      | Found a staircase to the Lair.
  4304 | D:9      | Noticed a death yak
  4310 | D:9      | Noticed a death yak
  4316 | D:9      | Killed a death yak
  4317 | D:9      | Reached skill level 10 in Spellcasting
  4317 | D:9      | Reached skill level 1 in Evocations
  4347 | D:9      | Killed a death yak
  4431 | D:10     | Entered Level 10 of the Dungeon
  4478 | D:10     | Found a runed translucent gate.
  4478 | D:10     | Found a runed translucent gate.
  4479 | D:10     | Found a runed translucent gate.
  4479 | D:10     | Noticed a green ugly thing
  4479 | D:10     | Noticed a faun
  4479 | D:10     | Noticed a green ugly thing
  4479 | D:10     | Noticed a green ugly thing
  4479 | D:10     | Noticed a red ugly thing
  4479 | D:10     | Noticed a brown ugly thing
  4480 | D:10     | a faun changed into a sea snake
  4480 | D:10     | Noticed a sea snake (glowing shapeshifter)
  4488 | D:10     | a sea snake changed into a glowing orange brain
  4488 | D:10     | Noticed a glowing orange brain (glowing shapeshifter)
  4495 | D:10     | Noticed a faun
  4497 | D:10     | Found Nuoptant's Distillery.
  4518 | D:10     | a redback changed into a boulder beetle
  4518 | D:10     | Noticed a boulder beetle (glowing shapeshifter)
  4604 | D:10     | Reached skill level 1 in Invocations
  4604 | D:10     | Reached XP level 11. HP: 48/69 MP: 17/25
  4627 | D:10     | Reached * piety under Sif Muna
  4638 | D:10     | Found a staircase to the Orcish Mines.
  4735 | Orc:1    | Entered Level 1 of the Orcish Mines
  4796 | D:11     | Noticed a white ugly thing
  4813 | D:11     | Killed a white ugly thing
  4843 | D:11     | Noticed a cyclops
  4851 | D:11     | Killed a cyclops
  4868 | D:11     | Noticed a skeletal warrior
  4888 | D:11     | Noticed a cyclops
  4963 | D:11     | Killed a cyclops
  5008 | D:11     | Reached skill level 5 in Dodging
  5038 | D:11     | Found Zogunuigg's Jewellery Boutique.
  5043 | D:11     | Bought a ring of magical power for 260 gold pieces
  5136 | D:12     | Found a gate leading to a gauntlet.
  5139 | Gauntlet | Entered a Gauntlet
  5139 | Gauntlet | Noticed a catoblepas
  5139 | Gauntlet | Found a transporter.
  5142 | Gauntlet | Found a transporter.
  5144 | Gauntlet | Found a transporter.
  5149 | Gauntlet | Noticed a shining eye
  5155 | Gauntlet | Found a transporter.
  5156 | Gauntlet | Found a transporter.
  5160 | Gauntlet | Noticed a hell beast
  5163 | Gauntlet | Found a transporter.
  5176 | Gauntlet | Noticed a wretched star
  5177 | Gauntlet | Found a runed translucent door.
  5179 | Gauntlet | Found a transporter.
  5181 | Gauntlet | Found a runed translucent door.
  5188 | Gauntlet | Noticed an obsidian statue
  5189 | Gauntlet | Found a transporter.
  5199 | Gauntlet | Found a transporter.
  5213 | Gauntlet | Found a transporter.
  5221 | Gauntlet | Noticed a moth of wrath
  5227 | Gauntlet | Found a transporter.
  5227 | Gauntlet | Found a transporter.
  5288 | Gauntlet | Found a transporter.
  5302 | Gauntlet | Found a transporter.
  5627 | Gauntlet | Killed a wretched star
  5627 | Gauntlet | Gained mutation: You sometimes lose your temper in combat.
                  | [mutagenic glow]
  5628 | Gauntlet | Reached skill level 5 in Fighting
  5633 | Gauntlet | Identified the ring of Rugo {Fire Dex+3}
  5753 | Gauntlet | Identified the +4 great sword "Sereac" {antimagic, rPois
                  | rF+}
  5753 | Gauntlet | Noticed a minotaur
  5795 | D:12     | Noticed a deep elf pyromancer
  5798 | D:12     | Killed a deep elf pyromancer
  5991 | D:11     | Found a portal to a secret trove of treasure.
  5994 | D:11     | Noticed a boulder beetle
  5999 | D:11     | HP: 1/72 [boulder beetle (9)]
  6000 | D:11     | Demolished by a boulder beetle

Illustrated notes

Levels and vault maps discovered:
D:1:      dpeg_arrival_radiant, layout_basic
D:2:      layout_basic, basic_altar, reono_crystal_passage
D:3:      minmay_skewed_foursquare, layout_loops_corners, vehumet_statue,
          portal_sewer_entry_a, dk_noncrumbling_3
D:4:      layout_basic, uniq_pikel
D:5:      layout_rooms, minmay_temple_entry_glassed_door
D:6:      layout_cave_pools, corexii_corridor_pit
D:7:      layout_loops_ring, kennysheep_little_box, uniq_duvessa
D:8:      layout_gridville, mainiacjoe_overflow_swirl, serial_shops,
          nicolae_stop_n_shop_1, nicolae_shop_window_shopping, shop,
          uniq_joseph, uniq_jeremiah
D:9:      layout_basic, kennysheep_mini, dpeg_lair_monsters
D:10:     layout_rooms, david_orc_3,
          ploomutoo_gammafunk_ghost_potion_laboratory, serial_shops,
          nicolae_lakefront_shop
D:11:     minmay_clustersquares, layout_gridville, serial_shops, shop,
          enter_trove_2
D:12:     layout_basic, serial_shops, shop, gauntlet_entry_generic,
          minmay_misc_feat_tiny, hangedman_abyss_or_decor_stabs, hex_large
Temple:   hellmonk_temple_divided_pantheon
Orc:1:    layout_caves, serial_shops, shop, minmay_orc_keep

Skill      XL: |  1  2  3  4  5  6  7  8  9 10 11 |
---------------+----------------------------------+-----
Alchemy        | 4 5 6 7 8 10 | 10.0
Spellcasting   | 3 4 5 7 10 | 10.0
Conjurations   | 4 6 |  6.0
Fire Magic     | 4 |  4.9
Fighting       | 1 2 4 5 |  5.4
Evocations     | 3 |  3.0
Invocations    | 1 4 |  4.0
Dodging        | 6 |  6.1
Stealth        | |  2.6

Action                     |  1- 3 |  4- 6 |  7- 9 | 10-12 || total
---------------------------+-------+-------+-------+-------++-------
  Melee: Staff             |     3 |       |       |       ||     3
         Constrict         |    13 |     5 |    21 |     7 ||    46
         Whip              |    36 |    25 |    33 |       ||    94
         Tentacles         |     8 |     3 |    21 |     6 ||    38
         Short sword       |       |       |    43 |    31 ||    74
   Cast: Sting             |    37 |    38 |    29 |     4 ||   108
         Olgreb's Toxic Ra |       |     6 |    37 |    34 ||    77
         Sticky Flame      |       |       |     7 |     7 ||    14
         Irradiate         |       |       |     1 |    16 ||    17
  Evoke: Wand              |       |       |       |     4 ||     4
    Use: Potion            |     1 |     1 |     6 |       ||     8
         Scroll            |       |     5 |     9 |     3 ||    17
   Stab: Sleeping          |       |     1 |       |       ||     1
 Armour: Skin              |    30 |    19 |    83 |    48 ||   180
  Dodge: Dodged            |    46 |    19 |   165 |    47 ||   277

Table legend: (Time is in decaauts)
 A = Elapsed time spent in this place.
 B = Non-inter-level travel time spent in this place.
 C = Inter-level travel time spent in this place.
 D = Time resting spent in this place.
 E = Time spent auto-exploring this place.
 F = Levels seen in this place.
 G = Mean time per level.
                   A        B        C        D        E       F      G
               +--------+--------+--------+--------+--------+-----+--------+
         Total |   6008 |   5658 |    350 |    709 |   1711 |  16 |  375.5 |
       Dungeon |   4678 |   4328 |    350 |    195 |   1266 |  12 |  389.8 |
        Temple |     15 |     15 |      0 |      0 |      0 |   1 |   15.0 |
  Orcish Mines |      1 |      1 |      0 |      0 |      0 |   1 |    1.0 |
         Sewer |    695 |    695 |      0 |    320 |    171 |   1 |  695.0 |
      Gauntlet |    617 |    617 |      0 |    194 |    274 |   1 |  617.0 |
               +--------+--------+--------+--------+--------+-----+--------+

Top non-repeatable levels by time:
     D:4: 704 daAuts
   Sewer: 695 daAuts
Gauntlet: 617 daAuts
     D:9: 605 daAuts
     D:3: 458 daAuts
    D:11: 433 daAuts
     D:5: 421 daAuts
     D:7: 401 daAuts
    D:10: 353 daAuts
     D:6: 319 daAuts
     D:8: 315 daAuts
     D:1: 248 daAuts
     D:2: 244 daAuts
    D:12: 171 daAuts
  Temple: 15 daAuts
